AoeStats
← ZamSerg

Black Forest

506119993Analyzed
4v4 RM · 19d ago on Sep 12, 2026· 51m 24s· 8 players
Game mode
Random Map
Map size
Large (8 player)
Population
200
Speed
Normal
Resources
Standard
Victory
Conquest
Starting age
Dark Age
Ending age
Imperial Age
RankedLock teamsTeams togetherTeam positionsShared explorationLock speedFull tech treeHidden civsTurbo modeCheats
Victory
Defeat
🇮🇳 Bohemians · India
1373
+13
🇩🇪 Britons · Germany
1362
+13
🇻🇳 Celts · Vietnam
1315
+15
🇨🇳 Dravidians · China
1273
+18
🇬🇧 Saracens · United Kingdom
1341
-16
🇩🇴 Portuguese · Dominican Republic
1318
-15
🇷🇺 Armenians · Russia
1281
-14
🇳🇱 Britons · Netherlands
1278
-14
Zaadlucht
7:41 Loom
11:34 Feudal Age
15:27 Castle Age
13:37 Double-Bit Axe
13:35 Horse Collar
16:36 Bow Saw
21:24 Wheelbarrow
23:30 Heavy Plow
24:18 Gold Mining
27:53 Hand Cart
30:09 Imperial Age
27:51 Fletching
28:37 Bodkin Arrow
29:04 Ballistics
29:20 Pikeman
31:08 Bracer
30:31 Elite Longbowman
31:32 Yeomen
31:16 Elite Longbowman
32:19 Halberdier
33:00 Squires
33:41 Conscription
33:46 Padded Archer Armor
33:46 Scale Mail Armor
34:42 Arson
36:01 Chemistry
35:47 Man-at-Arms
36:36 Gambesons
36:30 Long Swordsman
37:01 Two-Handed Swordsman
37:54 Caravan
37:30 Champion
38:30 Leather Archer Armor
38:30 Chain Mail Armor
38:26 Forging
43:52 Siege Engineers
43:58 Masonry
44:00 Fortified Wall
45:40 Plate Mail Armor
47:24 Iron Casting
49:15 Two-Man Saw
Jonsey8
0:52 Loom
11:21 Feudal Age
16:37 Castle Age
15:09 Double-Bit Axe
15:22 Horse Collar
20:01 Bow Saw
23:47 Wheelbarrow
23:07 Stone Mining
27:28 Hand Cart
28:48 Heavy Plow
32:45 Imperial Age
30:32 Scale Barding Armor
30:26 Gold Mining
32:20 Chain Barding Armor
32:34 Forging
33:18 Caravan
32:53 Elite Mameluke
34:11 Plate Barding Armor
34:18 Iron Casting
35:13 Two-Man Saw
34:56 Conscription
34:53 Town Watch
36:40 Chemistry
35:54 Masonry
35:49 Siege Engineers
37:15 Blast Furnace
36:07 Fletching
38:01 Bodkin Arrow
38:19 Bimaristan
38:50 Gold Shaft Mining
38:39 Onager
40:46 Ballistics
40:38 Siege Onager
51:06 Bloodlines
50:24 Light Cavalry
Nicolukas
0:33 Loom
13:30 Feudal Age
21:19 Castle Age
20:53 Double-Bit Axe
25:38 Sanctity
26:35 Redemption
35:35 Horse Collar
38:39 Imperial Age
37:18 Bow Saw
40:26 Chemistry
40:00 Block Printing
40:30 Conscription
41:47 Two-Man Saw
43:47 Arquebus
ZamSerg
11:45 Feudal Age
12:41 Double-Bit Axe
12:57 Horse Collar
15:35 Castle Age
17:51 Bow Saw
19:55 Loom
22:32 Wheelbarrow
24:11 Gold Mining
24:49 Caravan
24:48 Fletching
25:00 Scale Mail Armor
25:01 Man-at-Arms
25:57 Long Swordsman
27:33 Redemption
27:53 Two-Handed Swordsman
28:19 Gambesons
28:35 Squires
29:52 Bodkin Arrow
30:13 Chain Mail Armor
30:09 Forging
30:15 Champion
35:11 Imperial Age
32:41 Stone Mining
34:28 Iron Casting
35:22 Capped Ram
37:08 Blast Furnace
38:55 Conscription
38:40 Fereters
38:28 Arson
39:38 Town Watch
39:57 Bracer
40:27 Plate Mail Armor
39:35 Pikeman
40:13 Halberdier
42:02 Heavy Plow
42:41 Gold Shaft Mining
43:10 Chemistry
42:20 Murder Holes
42:49 Ballistics
44:05 Padded Archer Armor
44:20 Guilds
44:41 Coinage
45:29 Elite Composite Bowman
49:35 Leather Archer Armor
49:50 Scale Barding Armor
49:39 Cavalier
50:19 Husbandry
49:43 Light Cavalry
50:33 Bloodlines
Osayi.
0:42 Loom
11:36 Feudal Age
16:01 Fletching
17:57 Double-Bit Axe
20:36 Padded Archer Armor
27:25 Castle Age
27:34 Town Watch
28:27 Wheelbarrow
27:36 Horse Collar
27:49 Gold Mining
27:28 Crossbowman
28:04 Bodkin Arrow
29:44 Bow Saw
38:02 Imperial Age
36:01 Fortified Wall
35:42 Guard Tower
37:05 Ballistics
36:49 Scale Mail Armor
37:13 Squires
38:28 Chain Mail Armor
38:06 Man-at-Arms
39:39 Bracer
40:59 Plate Mail Armor
39:52 Long Swordsman
40:19 Gambesons
40:34 Two-Handed Swordsman
42:03 Hand Cart
43:29 Forging
44:06 Ballistics
45:06 Chemistry
44:25 Arson
45:17 Iron Casting
44:45 Champion
47:41 Blast Furnace
49:09 Leather Archer Armor
50:33 Ring Archer Armor
daitoudaguo
5:43 Loom
11:49 Feudal Age
15:39 Castle Age
13:55 Double-Bit Axe
14:05 Horse Collar
16:10 Wheelbarrow
16:58 Bow Saw
24:58 Heavy Plow
26:43 Hand Cart
26:30 Town Watch
30:11 Fletching
30:21 Padded Archer Armor
30:26 Husbandry
33:10 Imperial Age
32:09 Ballistics
31:55 Bodkin Arrow
32:16 Leather Archer Armor
32:38 Thumb Ring
35:26 Wootz Steel
35:27 Conscription
34:29 Elite Elephant Archer
35:14 Bracer
35:45 Ring Archer Armor
36:28 Chemistry
36:46 Gold Mining
38:21 Bombard Tower
42:36 Murder Holes
42:53 Masonry
46:24 Caravan
RockAxe4356
10:46 Feudal Age
14:51 Castle Age
13:54 Double-Bit Axe
13:58 Horse Collar
15:57 Bow Saw
16:57 Fervor
22:04 Loom
22:55 Wheelbarrow
23:22 Heavy Plow
28:06 Imperial Age
26:50 Hand Cart
26:20 Town Watch
28:09 Chemistry
27:59 Fletching
28:10 Padded Archer Armor
28:23 Treadmill Crane
28:54 Siege Engineers
30:58 Conscription
30:44 Wagenburg Tactics
32:46 Two-Man Saw
32:09 Houfnice
32:13 Elite Hussite Wagon
33:09 Bodkin Arrow
33:30 Leather Archer Armor
34:27 Guilds
34:18 Caravan
37:38 Masonry
37:49 Ballistics
38:54 Town Patrol
39:31 Coinage
42:16 Banking
45:51 Elite Skirmisher
50:39 Bombard Tower
50:50 Architecture
50:16 Murder Holes
50:07 Arrowslits
50:13 Guard Tower
Lucky_Bois_VN
0:36 Loom
11:27 Feudal Age
15:45 Castle Age
13:55 Double-Bit Axe
14:38 Horse Collar
15:28 Stone Mining
19:37 Bow Saw
24:07 Gold Mining
27:45 Wheelbarrow
32:16 Imperial Age
31:51 Hand Cart
31:38 Scale Mail Armor
31:49 Forging
31:59 Heavy Plow
31:34 Pikeman
33:01 Chain Mail Armor
34:07 Iron Casting
34:16 Conscription
33:42 Capped Ram
34:12 Halberdier
36:30 Stronghold
36:53 Furor Celtica
36:54 Onager
37:29 Town Watch
38:25 Caravan
39:32 Guilds
40:37 Plate Mail Armor
41:08 Blast Furnace
40:51 Coinage
40:14 Gambesons
40:15 Arson
42:47 Siege Ram
43:53 Fletching
45:04 Masonry
44:35 Treadmill Crane
45:56 Chemistry
46:35 Guard Tower
47:06 Ballistics
46:43 Bodkin Arrow
50:37 Banking
Connection lost

Rejoining the realm…

Still unreachable

The connection could not be restored.

Session expired

The server has moved on; the page needs a fresh start.